 Dungeon Crawl Stone Soup version 0.18.1-8-gdd0e5ea (webtiles) character file.

211 Scarto the Skirmisher (level 5, 0/42 HPs)
             Began as a Demonspawn Fighter on June 7, 2016.
             Was an Initiate of Qazlal.
             Succumbed to a crimson imp's poison
             ... on level 3 of the Dungeon.
             The game lasted 00:04:05 (1460 turns).

Scarto the Skirmisher (Demonspawn Fighter)          Turns: 1460, Time: 00:04:06

Health: 0/42       AC:  6    Str: 18    XL:     5   Next: 57%
Magic:  6/6        EV:  7    Int:  9    God:    Qazlal [......]
Gold:   63         SH:  9    Dex: 10    Spells: 0 memorised, 4 levels left

rFire  . . .     SeeInvis .     a - +0 war axe
rCold  + . .     Gourm    .     b - +0 scale mail
rNeg   . . .     Faith    .     c - +0 shield
rPois  .         Spirit   .     (helmet restricted)
rElec  .         Dismiss  .     (no cloak)
rCorr  .         Reflect  .     (no gloves)
SustAt .         Harm     .     (no boots)
MR     .....     Clarity  +     (no amulet)
Stlth  +.........               (no ring)
                                (no ring)

@: lethally poisoned (0 -> -4), very slightly contaminated, not resistant to
hostile enchantments, very unstealthy
A: antennae 1, clarity, clumsy 1, cold resistance 1, mutation resistance 1,
nightstalker 1
a: Renounce Religion


You were on level 3 of the Dungeon.
You worshipped Qazlal.
Qazlal was noncommittal.
You were not hungry.

You visited 1 branch of the dungeon, and saw 3 of its levels.

You collected 63 gold pieces.

Inventory:

Hand Weapons
 a - a +0 war axe (weapon)
 e - a +0 mace
Armour
 b - a +0 scale mail (worn)
 c - a +0 shield (worn)
Scrolls
 j - 2 scrolls of remove curse
 l - a scroll of identify
 m - a scroll of fear
Comestibles
 f - a bread ration
 g - a meat ration


   Skills:
 + Level 3.9 Fighting
 + Level 2.8(2.9) Axes
 + Level 0.8(2.0) Maces & Flails
 + Level 3.6 Armour
 + Level 3.5 Shields
 + Level 1.8 Invocations


You had 4 spell levels left.
You didn't know any spells.

Dungeon Overview and Level Annotations

Branches:
Dungeon (3/15)

Altars:
Makhleb
Qazlal
Xom


Innate Abilities, Weirdness & Mutations

You have a pair of small antennae on your head.
Your flesh is cold resistant.
You are slightly more attuned to the shadows.
You possess an exceptional clarity of mind.
You are clumsy. (Dex -2)
You are somewhat resistant to further mutation.


Message History

You hit the crimson imp but do no damage.
The crimson imp is heavily wounded.
You flicker back into view.
The crimson imp hits you with a dagger of chaos.
* * * LOW HITPOINT WARNING * * *
You are lethally poisoned!
You hit the crimson imp.
The crimson imp is almost dead.
* * * LOW HITPOINT WARNING * * *
You feel sick.
The crimson imp hits you but does no damage.
The crimson imp blinks!
* * * LOW HITPOINT WARNING * * *
You feel sick.
The crimson imp blinks!
* * * LOW HITPOINT WARNING * * *
You feel sick.
Drink which item? (? for menu, Esc to quit)
It was a potion of mutation.
You feel extremely strange.
You feel clumsy.
You feel genetically stable.
You die...

#.....## #........# ###
##.....## #####.#### #.##
##.......# ####.#.##
...####.........##.......#
......'..................#
...####.......####.####..#
#.## ##......##.....##.##
### ##.....#.......#.#
##....#.@.....#..
#+#....._......
#.#.......#..#
...#.......#.. ...
##.....## .. ###.### ..


There were no monsters in sight!

Vanquished Creatures
  The ghost of Scarto the Skirmisher, an amateur DsFi of Trog (D:3)
  A crimson imp (D:3)
  3 adders (D:2)
  2 oozes
  A worm (D:2)
  A giant gecko (D:1)
  2 ball pythons
  5 giant cockroaches
  5 goblins
  8 hobgoblins
  3 jackals (D:1)
  7 kobolds (D:1)
  2 quokkas
  7 bats
  7 rats
55 creatures vanquished.

Notes
Turn   | Place    | Note
--------------------------------------------------------------
     0 | D:1      | Scarto the Demonspawn Fighter began the quest for the Orb.
     0 | D:1      | Reached XP level 1. HP: 18/18 MP: 1/1
    21 | D:1      | Gained mutation: You have a pair of small antennae on your head. [demonic ancestry]
    21 | D:1      | Reached XP level 2. HP: 22/24 MP: 2/2
   299 | D:1      | Reached XP level 3. HP: 25/29 MP: 3/3
   676 | D:2      | Found a stormy altar of Qazlal.
   688 | D:2      | Became a worshipper of Qazlal Stormbringer
   767 | D:2      | Gained mutation: Your flesh is cold resistant. [demonic ancestry]
   767 | D:2      | Reached XP level 4. HP: 17/35 MP: 4/4
  1302 | D:3      | Found a shimmering altar of Xom.
  1337 | D:3      | Reached skill level 1 in Invocations
  1373 | D:3      | Noticed Scarto's ghost (amateur DsFi)
  1375 | D:3      | Gained mutation: You possess an exceptional clarity of mind. [potion of beneficial mutation]
  1385 | D:3      | Killed Scarto's ghost
  1385 | D:3      | Gained mutation: You are slightly more attuned to the shadows. [demonic ancestry]
  1385 | D:3      | Reached XP level 5. HP: 9/42 MP: 4/6
  1443 | D:3      | Found a burning altar of Makhleb.
  1455 | D:3      | HP: 2/42 [poisoned by a crimson imp]
  1460 | D:3      | Gained mutation: You are clumsy. (Dex -2) [potion of mutation]
  1460 | D:3      | Gained mutation: You are somewhat resistant to further mutation. [potion of mutation]
  1460 | D:3      | Succumbed to a crimson imp's poison

Skill      XL: |  1  2  3  4 |
---------------+-------------+-----
Axes           | 2 |  2.8
Armour         | 3 |  3.6
Shields        | 3 |  3.5
Invocations    | 1 |  1.8
Fighting       | |  3.9
Maces & Flails | |  0.8

Action                   |  1- 3 |  4- 6 || total
-------------------------+-------+-------++-------
Melee: War axe           |   120 |    84 ||   204
  Use: Scroll            |       |     7 ||     7
       Potion            |       |     3 ||     3
 Stab: Invisible         |       |     3 ||     3
  Eat: Bread ration      |       |     1 ||     1
       Chunk             |       |     1 ||     1
Armor: Scale mail        |    69 |    49 ||   118
Dodge: Dodged            |    46 |    22 ||    68
Block: Shield            |    68 |    35 ||   103
